Map: [ESL] Gresvan

Players

Krystianer - Winner!

  • Race: Protoss Protoss
  • Spawn Location: 11:00

FightingFrog

  • Race: Protoss Protoss
  • Spawn Location: 5:00

Event: ESL SC2 Masters 2023 Summer (Finals)

VOD

Have the link to the VOD?

Description

Time

  • Played on: June 16, 2023, 9:32 a.m.
  • Length: 11:04

All games in this series

Show
View Real Time Build Order
Export as new Build Order

Krystianer Protoss - Winner!

Build Orders: Oracle Opening 

Get SALT Encoding   

  12  0:00  Probe  
  13  0:12  Probe  
  14  0:16  Pylon  
  14  0:24  Probe (Chrono Boost)  
  16  0:36  Probe (Chrono Boost)  
  16  0:38  Gateway  
  16  0:42  Probe (Chrono Boost)  
  16  0:45  Assimilator  
  17  0:50  Probe  
  17  0:53  Assimilator  
  18  1:03  Probe (Chrono Boost)  
  20  1:12  Probe (Chrono Boost)  
  20  1:15  Gateway  
  20  1:17  Probe (Chrono Boost)  
  20  1:25  Cybernetics Core  
  21  1:29  Probe  
  22  1:37  Pylon  
  22  1:41  Probe  
  23  1:55  Probe  
  23  2:01  Stalker  
  26  2:02  Warp Gate, Stalker  
  26  2:07  Probe  
  29  2:09  Pylon  
  29  2:19  Probe  
  30  2:28  Stargate  
  30  2:33  Adept  
  30  2:36  Adept  
  34  3:00  Nexus  
  34  3:08  Oracle (Chrono Boost)  
  37  3:14  Pylon  
  37  3:17  Probe  
  38  3:29  Probe  
  39  3:35  Oracle (Chrono Boost)  
  42  3:42  Probe  
  41  3:50  Adept x2  
  41  3:54  Probe  
  44  4:04  Twilight Council  
  44  4:06  Probe (Chrono Boost)  
  45  4:12  Probe (Chrono Boost)  
  47  4:18  Probe (Chrono Boost)  
  47  4:22  Probe (Chrono Boost)  
  48  4:24  Probe (Chrono Boost)  
  48  4:27  Probe (Chrono Boost)  
  50  4:32  Probe  
  50  4:37  Blink (Chrono Boost)  
  51  4:38  Probe  
  51  4:39  Assimilator  
  51  4:44  Probe  
  53  4:50  Probe, Stalker  
  53  4:52  Stalker  
  58  4:54  Pylon  
  58  4:56  Probe  
  59  5:03  Probe  
  60  5:08  Probe  
  61  5:15  Probe  
  61  5:20  Probe  
  61  5:21  Stalker x2  
  58  5:24  Shield Battery  
  58  5:26  Gateway  
  58  5:28  Gateway  
  60  5:29  Robotics Facility  
  60  5:44  Stalker x2  
  60  5:47  Nexus  
  64  5:51  Probe  
  64  5:53  Probe  
  66  6:05  Probe x2, Pylon  
  66  6:07  Stalker  
  70  6:12  Pylon  
  70  6:23  Probe, Observer, Stalker x2  
  70  6:25  Stalker  
  78  6:27  Pylon  
  78  6:30  Probe (Chrono Boost)  
  79  6:35  Probe (Chrono Boost)  
  79  6:36  Forge  
  79  6:37  Shield Battery  
  80  6:42  Probe (Chrono Boost)  
  80  6:44  Probe (Chrono Boost), Observer  
  83  6:51  Stalker x3  
  89  6:56  Probe  
  89  6:58  Probe  
  89  7:00  Probe  
  92  7:08  Probe  
  93  7:10  Protoss Ground Armor Level 1  
  91  7:19  Gateway  
  91  7:21  Adept x2, Gateway  
  95  7:24  Gateway  
  95  7:25  Stalker  
  95  7:26  Gateway, Stalker  
  99  7:38  Probe x2  
  99  7:39  Probe  
  102  7:45  Nexus  
  102  7:47  Pylon  
  102  7:49  Pylon  
  102  7:56  Stalker x3  
  101  8:15  Probe  
  102  8:20  Stalker x7  
  108  8:38  Probe x3, Zealot  
  111  8:43  Pylon  
  111  8:45  Pylon  
  111  8:47  Stalker x4  
  117  8:53  Charge (Chrono Boost)  
  113  8:58  Probe  
  113  9:00  Warp Prism (Chrono Boost), Zealot x4  
  120  9:07  Probe x2  
  124  9:16  Nexus, Photon Cannon  
  124  9:18  Pylon  
  124  9:24  Stalker x4  
  124  9:31  Zealot x4  
  138  9:33  Pylon  
  138  9:37  Probe x2  
  140  9:42  Pylon  
  140  9:45  Gateway  
  140  9:46  Gateway  
  140  9:49  Pylon  
  137  10:00  Zealot x8  
  137  10:02  Probe  
  137  10:03  Probe  
  137  10:04  Photon Cannon  
  153  10:24  Zealot x8  
  169  10:44  Zealot x4  
  169  10:45  Zealot x6  
Show
View Real Time Build Order
Export as new Build Order

FightingFrog Protoss 

Build Orders: Phoenix Opening, Blink Stalkers 

Get SALT Encoding   

  12  0:00  Probe  
  13  0:12  Probe  
  14  0:17  Pylon  
  14  0:24  Probe  
  15  0:36  Probe (Chrono Boost)  
  15  0:37  Gateway  
  16  0:44  Assimilator  
  16  0:48  Probe (Chrono Boost)  
  17  0:52  Probe (Chrono Boost)  
  17  0:55  Assimilator  
  18  1:03  Probe (Chrono Boost)  
  19  1:07  Gateway  
  19  1:12  Probe (Chrono Boost)  
  19  1:17  Probe (Chrono Boost)  
  20  1:23  Cybernetics Core  
  21  1:29  Probe  
  22  1:33  Pylon  
  22  1:41  Probe  
  23  1:56  Probe  
  23  1:57  Warp Gate (Chrono Boost)  
  23  1:59  Sentry  
  28  2:12  Nexus  
  27  2:18  Pylon  
  27  2:22  Probe  
  27  2:28  Stalker  
  29  2:30  Phoenix  
  29  2:36  Stalker  
  31  2:40  Probe  
  32  2:46  Shield Battery  
  32  2:52  Probe  
  33  2:58  Sentry  
  33  3:05  Twilight Council  
  35  3:08  Probe  
  38  3:14  Pylon  
  36  3:22  Probe (Chrono Boost)  
  36  3:24  Probe (Chrono Boost)  
  40  3:35  Phoenix, Probe (Chrono Boost)  
  40  3:37  Probe (Chrono Boost), Shield Battery  
  40  3:39  Stalker  
  42  3:44  Probe  
  41  3:49  Probe  
  41  3:54  Blink (Chrono Boost)  
  42  3:56  Probe  
  42  4:01  Probe  
  42  4:03  Stalker  
  42  4:11  Probe (Chrono Boost)  
  42  4:13  Probe (Chrono Boost)  
  45  4:24  Probe (Chrono Boost)  
  45  4:26  Probe (Chrono Boost)  
  45  4:27  Stalker  
  45  4:29  Probe (Chrono Boost)  
  46  4:33  Probe  
  47  4:39  Probe (Chrono Boost)  
  47  4:42  Stalker  
  50  4:48  Probe (Chrono Boost)  
  50  4:51  Probe (Chrono Boost)  
  50  4:52  Stalker  
  54  5:00  Probe (Chrono Boost)  
  54  5:01  Probe (Chrono Boost)  
  54  5:06  Probe  
  54  5:09  Probe  
  54  5:18  Probe  
  55  5:21  Probe  
  55  5:22  Stalker  
  55  5:25  Stalker  
  60  5:30  Probe  
  60  5:32  Pylon  
  60  5:33  Probe  
  62  5:42  Nexus  
  62  5:44  Pylon  
  62  5:50  Probe x2  
  62  5:53  Robotics Facility  
  60  6:02  Probe (Chrono Boost)  
  62  6:05  Probe (Chrono Boost), Stalker  
  62  6:11  Assimilator  
  64  6:14  Probe (Chrono Boost)  
  66  6:18  Probe (Chrono Boost)  
  66  6:21  Gateway  
  66  6:22  Probe (Chrono Boost), Stalker  
  66  6:23  Shield Battery  
  69  6:26  Probe  
  69  6:27  Phoenix  
  69  6:32  Pylon  
  70  6:34  Probe  
  70  6:38  Probe  
  72  6:40  Stalker  
  72  6:43  Immortal (Chrono Boost)  
  78  6:50  Probe  
  78  6:52  Probe  
  80  6:55  Probe  
  81  7:02  Probe, Stalker  
  81  7:04  Probe  
  81  7:06  Phoenix  
  81  7:07  Probe  
  86  7:14  Probe  
  86  7:15  Stalker x2  
  88  7:16  Phoenix, Probe (Chrono Boost)  
  88  7:21  Probe (Chrono Boost), Observer  
  92  7:24  Pylon  
  92  7:25  Charge  
  92  7:27  Forge  
  92  7:28  Probe (Chrono Boost)  
  95  7:31  Probe (Chrono Boost)  
  96  7:37  Probe (Chrono Boost)  
  96  7:38  Probe (Chrono Boost)  
  96  7:39  Gateway  
  96  7:40  Probe (Chrono Boost)  
  96  7:42  Gateway  
  96  7:43  Observer  
  96  7:44  Probe  
  99  7:48  Nexus  
  99  7:50  Pylon  
  100  7:54  Templar Archives  
  100  7:55  Probe  
  100  7:57  Probe x2  
  103  8:02  Stalker x2  
  102  8:07  Probe  
  102  8:09  Probe  
  102  8:10  Probe  
  92  8:20  Probe, Stalker  
  92  8:21  Probe  
  92  8:22  Probe  
  93  8:32  Probe  
  90  8:36  Stalker x4  
  90  8:39  Probe  
  93  8:45  Probe x2  
  88  8:56  Probe  
  88  8:57  Probe, Stalker  
  88  8:58  Probe  
  91  9:05  Protoss Ground Weapons Level 1 (Chrono Boost)  
  91  9:06  Zealot x3  
  97  9:13  Zealot  
  97  9:24  Stalker  
  97  9:29  Stalker  
  97  9:30  Probe  
  100  9:31  Zealot  
  100  9:32  Probe, Zealot  
  100  9:33  Probe  
  100  9:35  Gateway  
  100  9:36  Gateway  
  100  9:38  Probe  
  107  9:42  Probe  
  107  9:45  Probe, Zealot  
  111  9:46  Pylon, Archon  
  111  9:48  Probe  
  111  9:50  Probe  
  104  9:54  Probe  
  104  9:55  Immortal (Chrono Boost)  
  104  9:56  Zealot x4  
  115  10:05  Shield Battery  
  115  10:07  Stalker  
  117  10:21  Gateway, Stalker x4  
  117  10:22  Gateway  
  117  10:24  Pylon  
  129  10:29  Assimilator  
  129  10:31  Zealot x3, Assimilator  
  122  10:45  High Templar  
  122  10:46  Zealot x3  
  120  10:52  Zealot x3  
  120  10:55  Pylon, Shield Battery  
Tags
 
Add a new tag
Caveats
  • Supply blocks, unpowered buildings, or Contaminate may cause inaccurate times.
  • Supply counts are checked every 10 seconds.